 Dungeon Crawl Stone Soup version 0.31-a0-145-g046c7d2549 (webtiles) character file.

Game seed: 7556640200059910238

38456 greynaab the Fighter (level 14, -5/92 HPs)
             Began as a Gargoyle Fighter on June 6, 2023.
             Was an Initiate of Yredelemnul.
             Killed from afar by an ice statue (7 damage)
             ... with a shard of ice
             ... in an ice cave.
             The game lasted 00:40:28 (13712 turns).

greynaab the Fighter (Gargoyle Fighter)            Turns: 13712, Time: 00:40:29

Health: -5/92      AC: 35    Str: 37    XL:     14   Next: 2%
Magic:  22/22      EV: 15    Int: 21    God:    Yredelemnul [......]
Gold:   1514       SH:  7    Dex: 10    Spells: 13/13 levels left

rFire   . . .        x - +1 flail (protect)
rCold   . . .        c - +0 buckler
rNeg    + . .        v - +5 ring mail of Moizita {Int+4}
rPois   ∞            D - +1 helmet {SInv}
rElec   +            T - +0 cloak
rCorr   +            Q - +0 pair of gloves
SInv    +            h - +2 pair of boots "Jafiluyc" {Str+4 Int+4 Stlth+}
Will    ++...        p - amulet of faith
Stlth   +            Y - ring of Dishonesty {rElec Will+ rCorr Int+3 Dex+2}
HPRegen 0.35/turn    A - +6 ring of strength
MPRegen 0.18/turn

%: faith
@: under a protective aura, flying
A: sickness immunity, AC +10, big wings, negative energy resistance 1,
electricity resistance, torment resistance 1, petrification resistance, strong
1, teleportitis 1, subdued magic 1
a: Renounce Religion, Recall Undead Harvest


You were in an ice cave.
You worshipped Yredelemnul.
Yredelemnul was aware of your devotion.
You visited 2 branches of the dungeon, and saw 13 of its levels.
You also visited: Sewer, Ossuary, Bailey and Ice Cave.

You collected 1819 gold pieces.
You spent 305 gold pieces at shops.

Inventory:

Hand Weapons
 a - a +0 flail
 b - a +7 battleaxe
 w - a +0 broad axe
 x - a +1 flail of protection (weapon)
Missiles
 g - 81 poisoned darts (quivered)
 q - 4 throwing nets
 L - 16 boomerangs
 X - 3 curare-tipped darts
 Z - 6 javelins
Armour
 c - a +0 buckler (worn)
 h - the +2 pair of boots "Jafiluyc" (worn) {Str+4 Int+4 Stlth+}
   (You found it in a bailey)

   Str:       It affects your strength (+4).
   Int:       It affects your intelligence (+4).
   Stlth:     It makes you more stealthy.
 k - a +1 ring mail of fire resistance
 v - the +5 ring mail of Moizita (worn) {Int+4}
   (You found it in a sewer)

   Int:       It affects your intelligence (+4).
 D - a +1 helmet of see invisible (worn)
 Q - a +0 pair of gloves (worn)
 T - a +0 cloak (worn)
Jewellery
 p - an amulet of faith (around neck)
 r - an amulet of reflection
 A - a +6 ring of strength (right hand)
 E - a ring of positive energy
 U - a +4 ring of slaying
 Y - the ring of Dishonesty (left hand) {rElec Will+ rCorr Int+3 Dex+2}
   (You found it on level 11 of the Dungeon)

   [ring of resist corrosion]

   Int:       It affects your intelligence (+3).
   Dex:       It affects your dexterity (+2).
   rElec:     It insulates you from electricity.
   rCorr:     It protects you from acid and corrosion.
   Will:      It increases your willpower.
Wands
 m - a wand of quicksilver (7)
 o - a wand of digging (1)
 t - a wand of iceblast (10)
 y - a wand of polymorph (8)
 B - a wand of flame (38)
 S - a wand of paralysis (9)
Scrolls
 d - 5 scrolls of identify
 i - 3 scrolls of fog
 s - a scroll of amnesia
 G - a scroll of teleportation
 H - 4 scrolls of blinking
 K - a scroll of torment
 M - a scroll of magic mapping
 P - 2 scrolls of enchant weapon
 V - 2 scrolls of immolation
 W - a scroll of fear
Potions
 e - 2 potions of magic {unknown}
 f - 10 potions of curing
 j - a potion of invisibility
 l - 6 potions of heal wounds
 n - 2 potions of lignification
 u - 3 potions of ambrosia {unknown}
 z - 5 potions of haste
 C - 2 potions of attraction
 F - a potion of brilliance {unknown}
 I - a potion of enlightenment {unknown}
 J - a potion of berserk rage {unknown}
 N - 2 potions of cancellation
 O - a potion of might
Miscellaneous
 R - a box of beasts


   Skills:
 + Level 12.6 Fighting
 + Level 11.4 Maces & Flails
 - Level 3.2 Armour
 + Level 11.2 Dodging
 + Level 12.5 Shields
 + Level 11.9 Invocations


You had 13 spell levels left.
You didn't know any spells.
Your spell library contained the following spells:

 Spells                   Type           Power      Damage    Failure   Level
 Poisonous Vapours        Pois/Air       0%         N/A       32%         2
 Ignite Poison            Fire/Tmut/Pois 0%         N/A       54%         3
 Stone Arrow              Conj/Erth      0%         3d7       54%         3
 Animate Armour           Summ/Erth      0%         N/A       92%         4
 Summon Lightning Spire   Summ/Air       0%         N/A       92%         4
 Alistair's Intoxication  Tmut/Pois      0%         N/A       100%        5
 Blade Hands              Tmut           0%         N/A       100%        5
 Monstrous Menagerie      Summ           0%         N/A       100%        7
 Lehudib's Crystal Spear  Conj/Erth      0%         10d2      100%        8


Dungeon Overview and Level Annotations

Branches:
Dungeon (11/15) Zot: 25719  Temple (0/1) D:7            Lair (2/5) D:11 Zot: 10183
 Shoals (0/4) Lair:2       Spider (0/4) Lair:2          Orc (0/2) D:10
  Sewer (visited)         Ossuary (visited)          Bailey (visited)
  IceCv (1/1) Zot: 5676

Altars:
Ashenzari
Dithmenos
Fedhas
Kikubaaqudgha
Makhleb
Uskayaw
Vehumet
Wu Jian
Xom
Yredelemnul
The Shining One

Shops:
D:5 *   D:9 !   D:10 [

Annotations:
D:5 2 transporters, GonguanaGonguana's ghost, novice MeEE IceCv exclusion: 2 ice statues


Innate Abilities, Weirdness & Mutations

You are immune to sickness and miasma.
Your stone body is resilient. (AC +10)
You are immune to poison.
Your large and strong wings let you fly.
You resist negative energy. (rN+)
You are resistant to electric shocks. (rElec)
You are resistant to unholy torment.
You are immune to petrification.
Your muscles are strong. (Str +4, Int/Dex -1)
You are occasionally teleported next to monsters.
Your spells are a little easier to cast, but a little less powerful.


Message History

The ice statue is lightly damaged.
The ice statue gestures at you.
The freezing blast engulfs you but does no damage.
You barely miss the ice statue.
The ice statue is lightly damaged.
You are engulfed in freezing vapours.
You hit the ice statue.
The ice statue is lightly damaged.
You are engulfed in freezing vapours.
The ice statue gestures.
You hit the ice statue but do no damage.
The ice statue is lightly damaged.
You are engulfed in freezing vapours.
The ice statue gestures.
You sock the ice statue!
The ice statue is moderately damaged.
You are engulfed in freezing vapours.
The ice beast misses you.
You sock the ice statue!
The ice statue is heavily damaged.
You are engulfed in freezing vapours.
The ice beast hits you but does no damage.
You hit the ice statue.
The ice statue is heavily damaged.
You are engulfed in freezing vapours.
The ice beast hits you but does no damage.
You hit the ice statue but do no damage.
The ice statue is heavily damaged.
You are engulfed in freezing vapours.
The ice beast hits you. The ice beast freezes you!
* * * LOW HITPOINT WARNING * * *
You hit the ice statue.
The ice statue is severely damaged.
You are engulfed in freezing vapours.
* * * LOW HITPOINT WARNING * * *
The ice beast closely misses you.
The ice statue glitters chillingly in the dim dungeon light.
The ice statue gestures at you. The shard of ice hits you!
You die...
Your body rises from the dead as a mindless zombie.

#.......# ##. #.......8
#.. #### ........##
#.######..##
.........####....##....##
...........###..........#
............#.......∩.∩.#
.........##....##.......#
........##.#..#####....##
.......Y8@##### ##..##
.......YY## ####
#.......# ##.....# ##...#
##.# ##


You could see an ice statue and 3 ice beasts.

Vanquished Creatures
  Gastronok (Lair:1)
  An orc warlord (Bailey)
  2 two-headed ogres
  2 flayed ghosts (D:11)
  An orc knight (Bailey)
  2 cyclopes
  2 ugly things (D:11)
  2 merfolk sirens (Lair:2)
  Maurice (D:9)
  A black mamba (Lair:2)
  A gargoyle (D:11)
  2 rime drakes
  4 cane toads
  2 kobold demonologists (D:11)
  6 komodo dragons
  A freezing wraith (D:11)
  3 trolls
  A merfolk (Lair:2)
  2 hornets
  A polar bear (Lair:2)
  Grinder (D:5)
  Prince Ribbit (D:7)
  A jumping spider (Lair:2)
  2 centaur simulacra (D:11)
  A culicivora (Lair:2)
  20 yaks
  2 wraiths
  Grum (Lair:1)
  4 basilisks
  2 vampire mosquitoes (D:11)
  A redback (Lair:2)
  4 water moccasins
  An acid dragon (D:8)
  An ice beast (D:4)
  2 sky beasts
  21 orc warriors
  A black bear (D:6)
  An ogre (D:7)
  9 wolves
  5 centaurs
  2 phantoms
  14 kobold brigands
  2 gnoll sergeants
  4 scorpions
  5 bullfrogs
  8 wights
  2 lindwurm simulacra (IceCv)
  5 killer bees (D:8)
  A komodo dragon simulacrum (IceCv)
  6 orc priests
  3 hounds
  3 jellies
  A gnoll bouda (D:7)
  3 iguanas
  8 orc wizards
  8 mummies (Ossuary)
  An acid dragon simulacrum (IceCv)
  32 gnolls
  2 adders
  A white imp (D:7)
  2 steam dragon simulacra (IceCv)
  An ufetubus (D:5)
  3 worms
  2 dart slugs
  42 orcs
  2 bats
  6 endoplasms
  4 giant cockroaches
  3 gnoll zombies (Ossuary)
  15 goblins
  11 hobgoblins
  4 jackals
  27 kobolds
  4 quokkas
  13 ball pythons
  A frilled lizard (D:2)
  A goblin zombie (Bailey)
  4 hobgoblin zombies
  2 kobold zombies (Ossuary)
  An orc zombie (Ossuary)
  3 rats
  A spectral goblin (Bailey)
382 creatures vanquished.

Vanquished Creatures (collateral kills)
  A flayed ghost (D:11)
  2 ugly things (D:11)
  Joseph (Lair:1)
  A merfolk siren (Lair:2)
  A black mamba (Lair:1)
  A kobold demonologist (D:8)
  3 cane toads (Lair:1)
  A rime drake (Lair:2)
  A polar bear (Lair:1)
  The ghost of jlumianski the Magician, an amateur DjFE of Elyvilon (D:4)
  2 jumping spiders (Lair:2)
  7 yaks
  A wyvern (Lair:1)
  A basilisk (Lair:1)
  3 water moccasins
  3 wolves
  2 centaurs
  A kobold brigand (D:8)
  4 bullfrogs
  Blork the orc (D:5)
  A howler monkey (D:11)
  An orc priest (D:5)
  A gnoll bouda (D:4)
  An iguana (D:6)
  3 orc wizards
  An adder (D:3)
  6 gnolls
  12 orcs
  An endoplasm (D:2)
  3 goblins
  A hobgoblin (D:4)
  4 bats
  12 kobolds
  A butterfly (Lair:2)
86 creatures vanquished.

Vanquished Creatures (others)
  An elephant slug zombie (Lair:1)
  A culicivora zombie (Lair:2)
  A cane toad zombie (Lair:1)
  A hornet zombie (D:9)
  A vampire mosquito zombie (D:11)
  A water moccasin zombie (D:5)
  6 yak zombies
  9 wolf zombies
  A bullfrog zombie (D:7)
  2 centaur zombies (D:11)
  A scorpion zombie (D:4)
  An orc wizard (D:9)
  An acid dragon zombie (D:8)
  An ogre zombie (D:7)
  A hound zombie (D:4)
  An adder zombie (D:2)
  A worm zombie (D:4)
  2 bat zombies
  5 gnoll zombies
  6 ball python zombies
  2 endoplasm zombies (D:2)
  3 giant cockroach zombies
  6 goblin zombies
  2 hobgoblin zombies
  2 jackal zombies (D:2)
  7 kobold zombies
  15 orc zombies
81 creatures vanquished.

Grand Total: 549 creatures vanquished

Notes
Turn   | Place    | Note
-------+----------+-------------------------------------------
     0 | D:1      | greynaab the Gargoyle Fighter began the quest for the Orb.
     0 | D:1      | Reached XP level 1. HP: 14/14 MP: 1/1
   123 | D:1      | Reached XP level 2. HP: 19/19 MP: 2/2
   278 | D:1      | Found a faded altar of an unknown god.
   304 | D:1      | Prayed at the altar of an unknown god.
   304 | D:1      | Became a worshipper of Yredelemnul the Dark
   304 | D:1      | Reached * piety under Yredelemnul
   791 | D:2      | Reached XP level 3. HP: 21/24 MP: 3/3
   868 | D:2      | Reached ** piety under Yredelemnul
  1032 | D:2      | Reached *** piety under Yredelemnul
  1071 | D:2      | Reached XP level 4. HP: 22/29 MP: 4/4
  1150 | D:2      | Reached skill level 1 in Invocations
  1223 | D:2      | Found an ancient bone altar of Kikubaaqudgha.
  1419 | D:3      | Noticed a +0 short sword
  1421 | D:3      | Noticed a +0 spear
  1422 | D:3      | Noticed a +0 dagger
  1422 | D:3      | Noticed a +0 falchion
  1422 | D:3      | Noticed a +0 falchion
  1422 | D:3      | Noticed a +0 dagger
  1450 | D:3      | Noticed a +0 spear
  1450 | D:3      | Noticed a +0 short sword
  1485 | D:3      | Found a broken altar of Ashenzari.
  1554 | D:3      | Found a burning altar of Makhleb.
  1712 | D:3      | Reached XP level 5. HP: 34/34 MP: 5/5
  1718 | D:3      | Found a hide-covered altar of Uskayaw.
  2216 | D:4      | Noticed an ice beast
  2261 | D:4      | Noticed a phantom
  2261 | D:4      | Noticed a phantom
  2269 | D:3      | Killed a phantom
  2310 | D:4      | Reached XP level 6. HP: 38/39 MP: 7/7
  2342 | D:4      | Killed an ice beast
  2343 | D:4      | Reached skill level 5 in Fighting
  2343 | D:4      | Reached skill level 5 in Shields
  2356 | D:4      | Reached XP level 7. HP: 30/44 MP: 9/9
  2380 | D:4      | Found a glowing drain.
  2397 | Sewer    | Entered a sewer
  2592 | Sewer    | Identified the +5 ring mail of Moizita {Int+4}
  2688 | D:4      | Found a shimmering altar of Xom.
  2872 | D:4      | Found a radiant altar of Vehumet.
  3064 | D:4      | Found a transporter.
  3072 | D:4      | Noticed jlumianski's ghost (amateur DjFE)
  3182 | D:4      | Found a transporter.
  3308 | D:4      | Killed jlumianski's ghost
  3309 | D:4      | Reached XP level 8. HP: 39/51 MP: 9/11
  3311 | D:4      | Reached skill level 5 in Maces & Flails
  3390 | D:5      | Entered Level 5 of the Dungeon
  3503 | D:5      | Found Axacvala's General Store.
  3701 | D:5      | Noticed Grinder
  3716 | D:5      | Killed Grinder
  3717 | D:5      | Reached skill level 5 in Invocations
  3729 | D:5      | Bought a +0 helmet of see invisible for 149 gold pieces
  3729 | D:5      | Bought a potion of haste for 130 gold pieces
  3888 | D:5      | Noticed Blork the orc
  3895 | D:5      | Killed Blork the orc
  3950 | D:5      | Found a transporter.
  3950 | D:5      | Noticed GonguanaGonguana's ghost (novice MeEE)
  3967 | D:5      | Found a transporter.
  4103 | D:6      | Found a sand-covered staircase.
  4108 | Ossuary  | Entered an ossuary
  4240 | Ossuary  | Reached XP level 9. HP: 57/57 MP: 13/13
  4581 | D:6      | Reached skill level 1 in Dodging
  4902 | D:6      | Found a blossoming altar of Fedhas.
  5284 | D:7      | Found a flagged portal.
  5382 | Bailey   | Entered a bailey
  5566 | Bailey   | Noticed an orc knight
  5573 | Bailey   | Gained mutation: You have hidden genetic defects. [potion
                  | of mutation]
  5573 | Bailey   | Gained mutation: You are occasionally teleported next to
                  | monsters. [potion of mutation]
  5573 | Bailey   | Gained mutation: Your spells are a little easier to cast,
                  | but a little less powerful. [potion of mutation]
  5574 | Bailey   | Lost mutation: Your spells are a little easier to cast, but
                  | a little less powerful. [potion of mutation]
  5574 | Bailey   | Lost mutation: You have hidden genetic defects. [potion of
                  | mutation]
  5574 | Bailey   | Gained mutation: You are robust. (+10% HP) [potion of
                  | mutation]
  5574 | Bailey   | Gained mutation: Your magical capacity is low. (-10% MP)
                  | [potion of mutation]
  5574 | Bailey   | Gained mutation: Your spells are a little easier to cast,
                  | but a little less powerful. [potion of mutation]
  5588 | Bailey   | Killed an orc knight
  5593 | Bailey   | Reached XP level 10. HP: 50/70 MP: 13/13
  5859 | Bailey   | Noticed an orc warlord
  5882 | Bailey   | Killed an orc warlord
  5883 | Bailey   | Reached skill level 5 in Dodging
  5922 | Bailey   | Identified the +2 pair of boots "Jafiluyc" {Str+4 Int+4
                  | Stlth+}
  6025 | D:7      | Found an ornate altar of the Wu Jian Council.
  6043 | D:7      | Reached skill level 10 in Fighting
  6043 | D:7      | Reached skill level 10 in Shields
  6043 | D:7      | Reached XP level 11. HP: 67/79 MP: 14/16
  6082 | D:7      | Noticed Prince Ribbit
  6105 | D:7      | Killed Prince Ribbit
  6426 | D:7      | Found a staircase to the Ecumenical Temple.
  7123 | D:8      | Reached XP level 12. HP: 80/85 MP: 17/17
  7157 | D:8      | Reached **** piety under Yredelemnul
  7509 | D:8      | Reached ***** piety under Yredelemnul
  8177 | D:9      | Noticed Maurice
  8194 | D:9      | Killed Maurice
  8386 | D:9      | Noticed a two-headed ogre
  8397 | D:9      | Killed a two-headed ogre
  8420 | D:9      | Found Taebo's Distillery.
  8430 | D:9      | Bought 2 potions of degeneration for 26 gold pieces
  8509 | D:9      | Found a shadowy altar of Dithmenos.
  8510 | D:9      | Found a glowing golden altar of the Shining One.
  8674 | D:9      | Reached skill level 10 in Invocations
  9082 | D:10     | Entered Level 10 of the Dungeon
  9270 | D:10     | Identified the +0 ring mail of Ocuskiah {rC+}
  9499 | D:10     | Found a staircase to the Orcish Mines.
  9599 | D:10     | Found Bisoul Pieda's Armour Shoppe.
 10015 | D:10     | Got the Tome of Pestilent Generation
 10017 | D:10     | Found an ancient bone altar of Kikubaaqudgha.
 10275 | D:11     | Noticed a two-headed ogre
 10290 | D:11     | Reached skill level 10 in Maces & Flails
 10335 | D:11     | Noticed a soul eater
 10361 | D:11     | Identified the ring of Dishonesty {rElec Will+ rCorr Int+3
                  | Dex+2}
 10406 | D:11     | Found a staircase to the Lair.
 10584 | D:11     | Killed a two-headed ogre
 10694 | D:11     | Reached XP level 13. HP: 47/92 MP: 18/18
 11000 | D:11     | Reached skill level 10 in Dodging
 11543 | Lair:1   | Entered Level 1 of the Lair of Beasts
 11659 | Lair:1   | Noticed Gastronok
 11696 | Lair:1   | Killed Gastronok
 11715 | Lair:1   | Your ally Gastronok died
 12064 | Lair:1   | Noticed Grum
 12070 | Lair:1   | Noticed Joseph
 12076 | Lair:1   | Killed Grum
 12084 | Lair:1   | Killed Joseph
 12873 | Lair:2   | Found a staircase to the Shoals.
 12963 | Lair:2   | Reached ****** piety under Yredelemnul
 13015 | Lair:2   | Found a hole to the Spider Nest.
 13084 | Lair:2   | Found a shimmering altar of Xom.
 13232 | Lair:2   | Lost mutation: You are robust. (+10% HP) [potion of
                  | mutation]
 13232 | Lair:2   | Lost mutation: Your magical capacity is low. (-10% MP)
                  | [potion of mutation]
 13232 | Lair:2   | Gained mutation: Your muscles are strong. (Str +4, Int/Dex
                  | -1) [potion of mutation]
 13255 | Lair:2   | Found a frozen archway.
 13259 | Lair:2   | Gained mutation: Your large and strong wings let you fly.
                  | [Gargoyle growth]
 13259 | Lair:2   | Reached XP level 14. HP: 91/92 MP: 22/22
 13378 | IceCv    | Entered an ice cave
 13712 | IceCv    | Killed from afar by an ice statue

Illustrated notes

Levels and vault maps discovered:
D:1:      minmay_arrival_three_doors, layout_loops_ring,
          ebering_ecumenical_altar_abandoned, serial_bayou_lagoon_b
D:2:      layout_rooms, basic_altar
D:3:      layout_basic, mainiacjoe_overflow_boulevard, bloody_makhleb,
          nicolae_uskayaw_en_pointe
D:4:      layout_cave_pools, xom_teletrap_fun, fiery_altar_vehumet,
          cheibrodos_sewer_entry_sluice, gammafunk_ghost_gnarly_gnolls
D:5:      layout_basic, serial_shops, nicolae_shop_window_shopping,
          gammafunk_ghost_smash, uniq_blork_the_orc, uniq_grinder
D:6:      layout_basic, fedhas_altar_3, nicolae_ossuary_entry_plus,
          corexii_hall_statues_deadend
D:7:      layout_cave_pools, mainiacjoe_overflow_alcove_2,
          minmay_temple_entry_statues_fountains, enter_bailey_5, minivault_1,
          small_statue_intersection, uniq_prince_ribbit1
D:8:      layout_basic, special_room [special_room_kobold]
D:9:      layout_small_grid, gammafunk_temple_overflow_statue, serial_shops,
          nicolae_shop_industrial_runoff, uniq_maurice
D:10:     layout_loops_corners, kiku_gazebo_pond_becter, orc_david_3
D:11:     minmay_klotski, layout_rooms, david_lair_shrubbed
Lair:1:   layout_hall_layers, st_stairs_6, infiniplex_staircase_pool_2,
          grunt_megastairs_2, uniq_joseph, uniq_gastronok, uniq_grum
Lair:2:   layout_misc_corridors, elwin_shoals_entry_stream,
          spider_nest_entry_funnel_web, portal_ice_cave_rime, basic_altar,
          lemuel_fruit_fields
IceCv:    ice_cave_small_dragons

Skill      XL: |  1  2  3  4  5  6  7  8  9 10 11 12 13 |
---------------+----------------------------------------+-----
Fighting       | 4 5 6 7 8 10 11 12 | 12.6
Shields        | 4 5 6 8 10 11 12 | 12.5
Maces & Flails | 3 4 5 7 8 9 10 11 | 11.4
Invocations    | 1 2 3 4 5 7 9 10 11 | 11.9
Dodging        | 3 7 9 11 | 11.2
Armour         | |  3.2

Action                     |  1- 3 |  4- 6 |  7- 9 | 10-12 | 13-15 || total
---------------------------+-------+-------+-------+-------+-------++-------
  Melee: Flail             |    96 |   113 |   386 |   787 |   368 ||  1750
         Unarmed           |       |       |     1 |       |       ||     1
 Invoke: Recall Undead Har |       |     1 |     1 |     3 |     1 ||     6
         Dark Bargain      |       |     1 |     2 |     2 |     2 ||     7
         Drain Life        |       |       |       |       |     1 ||     1
  Evoke: Wand              |       |       |     4 |     6 |     2 ||    12
    Use: Potion            |       |     1 |    10 |     2 |     4 ||    17
         Scroll            |       |     2 |     3 |    14 |     1 ||    20
   Stab: Distracted        |     1 |     1 |     1 |     4 |     4 ||    11
         Sleeping          |       |       |       |     3 |       ||     3
 Armour: Scale mail        |     8 |       |       |       |       ||     8
         Chain mail        |    57 |   135 |    25 |       |       ||   217
         Ring mail         |       |       |   174 |   416 |   176 ||   766
  Dodge: Dodged            |    29 |    57 |   187 |   419 |   264 ||   956
  Block: Buckler           |    26 |    83 |   249 |   514 |   117 ||   989
         Reflection        |       |     1 |    11 |    16 |       ||    28
         Other             |       |       |     1 |       |       ||     1

Table legend: (Time is in decaauts)
 A = Elapsed time spent in this place.
 B = Non-inter-level travel time spent in this place.
 C = Inter-level travel time spent in this place.
 D = Time resting spent in this place.
 E = Time spent auto-exploring this place.
 F = Levels seen in this place.
 G = Mean time per level.
                   A        B        C        D        E       F      G
               +--------+--------+--------+--------+--------+-----+--------+
         Total |  13812 |  13241 |    571 |   1349 |   8229 |  17 |  812.5 |
       Dungeon |  10543 |   9992 |    551 |    671 |   6710 |  11 |  958.5 |
          Lair |   1817 |   1797 |     20 |    310 |   1110 |   2 |  908.5 |
         Sewer |    292 |    292 |      0 |      0 |    185 |   1 |  292.0 |
       Ossuary |    264 |    264 |      0 |      0 |    148 |   1 |  264.0 |
        Bailey |    570 |    570 |      0 |    184 |     29 |   1 |  570.0 |
      Ice Cave |    323 |    323 |      0 |    183 |     46 |   1 |  323.0 |
               +--------+--------+--------+--------+--------+-----+--------+

Top non-repeatable levels by time:
     D:8: 1537 daAuts
    D:11: 1280 daAuts
  Lair:1: 1256 daAuts
    D:10: 1130 daAuts
     D:3: 964 daAuts
     D:6: 939 daAuts
     D:4: 903 daAuts
     D:7: 828 daAuts
     D:9: 827 daAuts
     D:1: 733 daAuts
     D:5: 721 daAuts
     D:2: 678 daAuts
  Bailey: 570 daAuts
  Lair:2: 560 daAuts
   IceCv: 323 daAuts
